 Dungeon Crawl Stone Soup version 0.29-a0-418-gc0181ea820 (webtiles) character file.

Game seed: 11456515079288454010

113 xian the Sneak (level 4, -1/28 HPs)
             Began as an Octopode Enchanter on May 17, 2022.
             Was a Believer of Elyvilon.
             Slain by a goblin
             ... wielding a +0 dagger
             ... led by Robin
              (3 damage)
             ... on level 3 of the Dungeon.
             The game lasted 00:10:24 (2479 turns).

xian the Sneak (Octopode Enchanter)                 Turns: 2479, Time: 00:10:25

Health: -1/28      AC:  1    Str:  7    XL:     4   Next: 96%
Magic:  7/7        EV: 13    Int: 19    God:    Elyvilon [**....]
Gold:   126        SH:  0    Dex: 12    Spells: 7/7 levels left

rFire   . . .      SeeInvis .   j - +3 hand axe
rCold   . . .      Faith    .   (no shield)
rNeg    . . .      Spirit   .   (helmet restricted)
rPois   .          Reflect  .   (no amulet)
rElec   .          Harm     .   (no ring)
rCorr   .          Rampage  .   (no ring)
Will    .....                   (no ring)
Stlth   ++++......              (no ring)
HPRegen 0.09/turn               (no ring)
MPRegen 0.10/turn               (no ring)
                                (no ring)
                                (no ring)

@: no status effects
A: almost no armour, amphibious, 8 rings, camouflage 1, gelatinous body 1,
(nimble swimmer 1), tentacles
a: Renounce Religion, Purification, Heal Other


You were on level 3 of the Dungeon.
You worshipped Elyvilon.
Elyvilon was pleased with you.
You visited 1 branch of the dungeon, and saw 3 of its levels.

You collected 126 gold pieces.

Inventory:

Hand Weapons
 j - a +3 hand axe (weapon)
Magical Staves
 o - a staff of earth
Scrolls
 a - a scroll of identify
 f - a scroll of teleportation {unknown}
 g - a scroll of blinking
 h - a scroll of brand weapon {unknown}
 k - a scroll of fear {unknown}
 l - 2 scrolls of poison {unknown}
 m - a scroll of fog {unknown}
Potions
 b - 2 potions of invisibility
 c - 2 potions of haste {unknown}
 d - 4 potions of lignification {unknown}
 e - 2 potions of might {unknown}
 i - 3 potions of curing {unknown}
 n - a potion of attraction {unknown}
 p - a potion of degeneration {unknown}
 q - a potion of mutation {unknown}


   Skills:
 + Level 1.2 Fighting
 + Level 1.0 Short Blades
 + Level 1.5 Axes
 + Level 2.7 Dodging
 + Level 5.4 Stealth
 + Level 2.2 Spellcasting
 + Level 3.3 Hexes


You had 7 spell levels left.
You didn't know any spells.
Your spell library contained the following spells:

 Spells                   Type           Power      Damage    Failure   Level
 Confusing Touch          Hex            14%        N/A       12%         3
 Tukima's Dance           Hex            14%        N/A       12%         3
 Ensorcelled Hibernation  Hex/Ice        16%        N/A       13%         2
 Dazzling Flash           Conj/Hex       16%        N/A       26%         3


Dungeon Overview and Level Annotations

Branches:
Dungeon (3/15)

Altars:
Dithmenos
Elyvilon

Annotations:
D:3 Robin


Innate Abilities, Weirdness & Mutations

You cannot wear most types of armour.
You are amphibious.
You can wear up to eight rings at the same time.
Your skin changes colour to match your surroundings (Stealth+).
Your rubbery body absorbs attacks. (AC +1, EV +1)
((You are camouflaged when in or above water. (Stealth+)))
You have tentacles for arms and can constrict up to eight enemies at once.


Message History

You constrict Jessica, but do no damage.
The goblin misses you. The hobgoblin barely misses you.
Jessica gestures at you while chanting.
You feel yourself slow down.
You hit Jessica. You squeeze Jessica.
You kill Jessica!
You barely miss the hobgoblin. You closely miss the goblin.
The hobgoblin closely misses you. The goblin closely misses you.
The hobgoblin hits you. The goblin completely misses you.
Things that are here:
a +0 club; a +0 robe The goblin hits you with a +0 dagger.
Robin flexes a bicep menacingly.
Robin roars a battlecry!
The goblins go into a battle-frenzy!
The goblin attacks as you move away! The goblin hits you with a +0 dagger.
You hit the goblin. Your grab misses the goblin.
Your squeeze misses the goblin.
The goblin is heavily wounded.
The goblin closely misses you. Robin throws the goblin at you!
You barely miss the goblin. Your grab misses the goblin.
You squeeze the goblin, but do no damage.
You barely miss the goblin. You hit the hobgoblin.
The goblin hits you with a +0 dagger. The hobgoblin closely misses you.
The goblin hits you with a +0 dagger.
* * * LOW HITPOINT WARNING * * *
The goblin barely misses you. The goblin hits you with a +0 dagger.
* * * LOW HITPOINT WARNING * * *
As you read the scroll labelled TYMONKID YLOW, it crumbles to dust.
It is a scroll of identify.
g - 2 scrolls of blinking The goblin barely misses you.
The goblin hits you but does no damage. The hobgoblin barely misses you.
The goblin hits you with a +0 dagger.
* * * LOW HITPOINT WARNING * * *
Blink to where?
Press: ? - help, Dir - move target
As you read the scroll of blinking, it crumbles to dust.
You feel yourself speed up. The goblin hits you with a +0 dagger.
You die...

.....###..#..## ..####.#
.....##S....##...# #.#
#................. ...
#..##.........## ##.
##..._...## #..##.....g...#
#................
###..##.....##..#
#.###@.#..###.#
##########.##.g###..##.#
##.......##...g.###.g...#
##..#####.####.#..#...##
#...#####.####g#......#
..#.gggggg.g.g....###.#
.###g.###.####.##.##..#####
.)#..## #.###...#.........#
#..g## #.##.....########.#


You could see 2 hobgoblins, 3 goblins and a ball python (wandering).

Vanquished Creatures
  Jessica (D:3)
  3 adders
  2 worms (D:2)
  3 dart slugs
  4 endoplasms
  A giant cockroach (D:3)
  7 goblins
  4 hobgoblins
  4 jackals (D:2)
  3 kobolds
  A quokka (D:1)
  4 ball pythons
  4 bats
  5 frilled lizards
  3 rats
49 creatures vanquished.

Notes
Turn   | Place    | Note
-------+----------+-------------------------------------------
     0 | D:1      | xian the Octopode Enchanter began the quest for the Orb.
     0 | D:1      | Reached XP level 1. HP: 11/11 MP: 3/3
   404 | D:1      | Found a faded altar of an unknown god.
   411 | D:1      | Reached XP level 2. HP: 17/17 MP: 5/5
   429 | D:1      | Prayed at the altar of an unknown god.
   429 | D:1      | Became a worshipper of Elyvilon the Healer
   429 | D:1      | Reached * piety under Elyvilon
  1326 | D:2      | Reached XP level 3. HP: 20/21 MP: 6/6
  1439 | D:2      | Reached ** piety under Elyvilon
  1547 | D:2      | Reached skill level 5 in Stealth
  2089 | D:2      | Reached XP level 4. HP: 23/27 MP: 7/7
  2321 | D:3      | Reached skill level 1 in Fighting
  2362 | D:3      | Found a shadowy altar of Dithmenos.
  2407 | D:3      | Reached skill level 1 in Axes
  2457 | D:3      | Noticed Robin
  2459 | D:3      | Noticed Jessica
  2468 | D:3      | Killed Jessica
  2479 | D:3      | Slain by a goblin

Illustrated notes

Levels and vault maps discovered:
D:1:      dpeg_arrival_refuge, layout_basic, ebering_ecumenical_altar_webs
D:2:      layout_rooms, minmay_small_reverse_x
D:3:      layout_loops_corners, nicolae_dithmenos_shadow_blocks, uniq_robin,
          uniq_sigmund, uniq_jessica

Skill      XL: |  1  2  3  4 |
---------------+-------------+-----
Stealth        | 5 |  5.4
Fighting       | 1 |  1.2
Axes           | 1 |  1.5
Short Blades   | |  1.0
Dodging        | |  2.7
Spellcasting   | |  2.2
Hexes          | |  3.3

Action                   |  1- 3 |  4- 6 || total
-------------------------+-------+-------++-------
Melee: Dagger            |    15 |       ||    15
       Tentacles         |    18 |     3 ||    21
       Constrict         |    20 |     4 ||    24
       Hand axe          |    61 |    13 ||    74
       Punch             |     1 |       ||     1
  Use: Scroll            |       |     2 ||     2
 Stab: Sleeping          |     7 |     5 ||    12
Armor: Skin              |     9 |     2 ||    11
Dodge: Dodged            |    54 |    15 ||    69

Table legend: (Time is in decaauts)
 A = Elapsed time spent in this place.
 B = Non-inter-level travel time spent in this place.
 C = Inter-level travel time spent in this place.
 D = Time resting spent in this place.
 E = Time spent auto-exploring this place.
 F = Levels seen in this place.
 G = Mean time per level.
                   A        B        C        D        E       F      G
               +--------+--------+--------+--------+--------+-----+--------+
         Total |   2503 |   2465 |     38 |    482 |   1223 |   3 |  834.3 |
       Dungeon |   2503 |   2465 |     38 |    482 |   1223 |   3 |  834.3 |
               +--------+--------+--------+--------+--------+-----+--------+

Top non-repeatable levels by time:
     D:1: 1279 daAuts
     D:2: 1025 daAuts
     D:3: 198 daAuts
